 Dungeon Crawl Stone Soup version 0.29-a0-845-g6161e89988 (webtiles) character file.

Game seed: 6804900098437822631

113 zeratav the Stinger (level 4, -4/27 HPs)
             Began as an Octopode Venom Mage on July 16, 2022.
             Killed from afar by an orc wizard (6 damage)
             ... with a magic dart
             ... on level 3 of the Dungeon.
             The game lasted 00:04:42 (3751 turns).

zeratav the Stinger (Octopode Venom Mage)           Turns: 3751, Time: 00:04:43

Health: -4/27      AC:  5    Str:  7    XL:     4   Next: 96%
Magic:  16/16      EV: 13    Int: 19    God:
Gold:   84         SH:  0    Dex: 12    Spells: 4/7 levels left

rFire   . . .      SeeInvis .   k - +0 dagger {short}
rCold   . . .      Faith    .   (no shield)
rNeg    . . .      Spirit   .   (helmet restricted)
rPois   +          Reflect  .   (no amulet)
rElec   .          Harm     .   f - ring of poison resistance
rCorr   .          Rampage  .   b - +4 ring of protection
Will    .....                   l - ring of magical power
Stlth   ++++......              (no ring)
HPRegen 0.09/turn               (no ring)
MPRegen 0.15/turn               (no ring)
                                (no ring)
                                (no ring)

@: brilliant, attractive, hasted, very quick
A: almost no armour, amphibious, 8 rings, camouflage 1, gelatinous body 1,
(nimble swimmer 1), tentacles
a: no special abilities


You were on level 3 of the Dungeon.
You visited 1 branch of the dungeon, and saw 3 of its levels.

You collected 84 gold pieces.


Innate Abilities, Weirdness & Mutations

You cannot wear most types of armour.
You are amphibious.
You can wear up to eight rings at the same time.
Your skin changes colour to match your surroundings (Stealth+).
Your rubbery body absorbs attacks. (AC +1, EV +1)
((You are camouflaged when in or above water. (Stealth+)))
You have tentacles for arms and can constrict up to eight enemies at once.


   Skills:
 - Level 2.0 Dodging
 - Level 5.0 Stealth
 - Level 2.0 Spellcasting
 - Level 1.0 Transmutations
 + Level 5.5 Poison Magic


You had 4 spell levels left.
You knew the following spells:

 Your Spells              Type           Power      Damage    Failure   Level
a - Sting                 Tmut/Pois      84%        1d7       4%          1
b - Poisonous Vapours     Pois/Air       36%        N/A       9%          2

Your spell library contained the following spells:

 Spells                   Type           Power      Damage    Failure   Level
 Magic Dart               Conj           8%         1d3       17%         1
 Olgreb's Toxic Radiance  Pois           34%        N/A       17%         4
 Mephitic Cloud           Conj/Pois/Air  13%        N/A       24%         3
 Call Imp                 Summ           2%         N/A       26%         2
 Iskenderun's Battlesphe  Conj           2%         2d6       99%         5
 Iron Shot                Conj/Erth      1%         9d1       100%        6
 Spellforged Servitor     Conj/Summ      1%         N/A       100%        7

Inventory:

Hand Weapons
 k - a +0 dagger (weapon) {short}
   (You took it off a kobold on level 1 of the Dungeon)
Jewellery
 b - a +4 ring of protection (right tentacle)
   (You found it on level 2 of the Dungeon)
 f - a ring of poison resistance (left tentacle)
   (You found it on level 1 of the Dungeon)
 l - a ring of magical power (on tentacle)
   (You found it on level 2 of the Dungeon)
Scrolls
 d - 2 scrolls of teleportation {unknown}
 e - 3 scrolls of fog {unknown}
 g - 2 scrolls of silence {unknown}
 h - 2 scrolls of identify {unknown}
 m - 2 scrolls of enchant armour {unknown}
Potions
 a - a potion of magic
 i - a potion of brilliance

Dungeon Overview and Level Annotations

Branches:
Dungeon (3/15) Zot: 14253

Altars:
Makhleb
Ru
The Shining One

########## #......... #.########
#.# #.# ##########
##########.######## .........
...................
#......#################.########
....)).)oo§ooo{.@.>..............
#.<....###############.##########
#......# #.# #....... #.#
#.......# #.# ........# #.#
........# #.# ........# #.# ..#


You could see 3 orcs.


Message History

You closely miss the orc. You grab the orc. You squeeze the orc.
You constrict the orc. The orc closely misses you.
You hit the orc. You constrict the orc.
You kill the orc!
The orc throws a poisoned dart.
The poisoned dart hits you.
You are poisoned.
You hit something but do no damage. Your squeeze misses something.
You feel sick. Something hits you.
HP[-6]
You take 6 damage, and now have 21/27 hp.
MASSIVE DAMAGE!! (PAUSE)
You miss something. Your squeeze misses something.
You feel sick. Something hits you.
HP[-2]
You take 2 damage, and now have 19/27 hp.
The orc shouts!
You hit something but do no damage. You squeeze something.
You feel sick. Something hits you.
HP[-4] MP[+1]
You take 4 damage, and now have 15/27 hp.
You barely miss something.
You feel sick. Something hits you but does no damage.
HP[-1]
You take 1 damage, and now have 14/27 hp.
You miss something.
You feel sick.
You are no longer poisoned.
Something barely misses you.
HP[-1]
You take 1 damage, and now have 13/27 hp.
You miss something. Something completely misses you.
You hit something.
The orc throws a poisoned dart.
The poisoned dart hits you.
You are poisoned.
Something hits you but does no damage.
You hit something but do no damage. Your squeeze misses something.
You feel sick. Something hits you but does no damage.
HP[-2]
You take 2 damage, and now have 11/27 hp.
You completely miss something. Your squeeze misses something.
You feel sick. Something hits you.
* * * LOW HITPOINT WARNING * * *
HP[-3]
You take 3 damage, and now have 8/27 hp.
It was a potion of brilliance.
You feel clever all of a sudden.
You feel sick. Something hits you but does no damage.
MP[+1]
Your mp is fully restored (16).
It was a potion of haste.
You feel yourself speed up.
You feel sick. Something completely misses you.
HP[-1]
You take 1 damage, and now have 7/27 hp.
It was a potion of attraction.
You feel attractive to monsters.
You barely miss something. You squeeze something!
You feel sick.
You are no longer poisoned.
You hear some strange, mumbled words.
You are confused.
HP[-1]
You take 1 damage, and now have 6/27 hp.
Something is attracted toward you. The orc is attracted toward you. x2
The orc is attracted toward you.
You bump into the rock wall.
An orc wizard appears from thin air!
Reactivating autopickup.
The orc wizard gestures at you while chanting.
You are more confused.
You're too confused to cast spells.
The orc wizard is attracted toward you. The orc is attracted toward you. x2
Something is attracted toward you.
You're too confused to move!
The orc wizard hits you with a +0 club.
* * * LOW HITPOINT WARNING * * *
HP[-2]
You take 2 damage, and now have 4/27 hp.
You closely miss the orc wizard. The orc wizard closely misses you.
You hit the orc wizard but do no damage.
You miss the orc wizard. The orc wizard closely misses you.
You hit the orc wizard but do no damage.
The orc wizard mumbles some strange words.
The orc wizard flickers and vanishes!
Deactivating autopickup; reactivate with Ctrl-A.
You hit something but do no damage.
You bump into the rock wall.
Something hits you but does no damage.
Unknown command.
You're too confused to move!
Something hits you.
* * * LOW HITPOINT WARNING * * *
HP[-2]
You take 2 damage, and now have 2/27 hp.
Something is attracted toward you. The orc is attracted toward you. x2
Something is attracted toward you.
You closely miss something. Your squeeze misses something.
Something completely misses you.
Unknown command.
The orc is attracted toward you. x2
You bump into the rock wall.
You feel less confused. The orc is attracted toward you. x2
A magic dart appears from out of thin air!
The magic dart hits you.
You die...

Skill      XL: |  1  2  3  4 |
---------------+-------------+-----
Stealth        | 3 4 5 |  5.0
Poison Magic   | 4 5 |  5.5
Dodging        | |  2.0
Spellcasting   | |  2.0
Transmutations | |  1.0

Action                   |  1- 3 |  4- 6 || total
-------------------------+-------+-------++-------
Melee: Whip              |    32 |       ||    32
       Tentacles         |     8 |     6 ||    14
       Constrict         |     3 |     3 ||     6
       Dagger            |       |    32 ||    32
 Cast: Sting             |    61 |    42 ||   103
       Poisonous Vapours |       |     5 ||     5
  Use: Potion            |       |     3 ||     3
 Stab: Sleeping          |     1 |     6 ||     7
Armor: Skin              |     4 |    10 ||    14
Dodge: Dodged            |    30 |    18 ||    48

Levels and vault maps discovered:
D:1:      elethiomel_arrival_quiet, layout_loops_corners, hex_tiny,
          minmay_hexomino_u4
D:2:      layout_loops_corners, basic_altar, chequers_arboretum, minivault_23
D:3:      layout_basic, amethyst_overflow_temple_binary, serial_shops, shop,
          shop

Notes
Turn   | Place    | Note
-------+----------+-------------------------------------------
     0 | D:1      | zeratav the Octopode Venom Mage began the quest for the
                  | Orb.
     0 | D:1      | Reached XP level 1. HP: 11/11 MP: 3/3
     0 | D:1      | magus.rc [v1.9.6]
    82 | D:1      | Reached skill level 3 in Stealth
    86 | D:1      | Reached XP level 2. HP: 13/17 MP: 1/5
   172 | D:1      | Learned a level 2 spell: Poisonous Vapours
   175 | D:1      | Reached skill level 4 in Poison Magic
   794 | D:1      | Reached XP level 3. HP: 21/21 MP: 3/6
   960 | D:1      | Reached skill level 4 in Stealth
  2055 | D:2      | Reached XP level 4. HP: 27/27 MP: 2/7
  2191 | D:2      | You pick up a book of Minor Magic and begin reading...
  2191 | D:2      | You add the spells Magic Dart and Call Imp to your library.
  2393 | D:2      | Reached skill level 5 in Poison Magic
  2519 | D:2      | You pick up a book of Power and begin reading...
  2519 | D:2      | You add the spells Iskenderun's Battlesphere, Iron Shot and
                  | Spellforged Servitor to your library.
  2926 | D:2      | Reached skill level 5 in Stealth
  3041 | D:2      | Found a burning altar of Makhleb.
  3531 | D:3      | Found a sacrificial altar of Ru.
  3538 | D:3      | Found a glowing golden altar of the Shining One.
  3732 | D:3      | HP: 6/27 [poisoned by an orc]
  3738 | D:3      | HP: 4/27 [orc wizard/+0 club (2)]
  3745 | D:3      | HP: 2/27 [something (3)]
  3751 | D:3      | Killed from afar by an orc wizard

Vanquished Creatures
  3 adders (D:2)
  2 worms (D:2)
  4 dart slugs
  2 orcs (D:3)
  7 bats
  11 endoplasms
  2 giant cockroaches
  6 hobgoblins
  8 jackals
  4 quokkas
  3 ball pythons
  4 frilled lizards
  2 goblins (D:1)
  4 kobolds
  5 rats
67 creatures vanquished.

Table legend:
 A = Non-vault XP
 B = Vault XP
 C = Vault XP percentage of total XP
 D = Non-vault monster count
 E = Vault monster count
 F = Vault count percentage of total count
                 A         B        C        D         E       F
            +---------+---------+-------+---------+---------+-------
      Total |     148 |      14 |   8.6 |      61 |       6 |   9.0
            +---------+---------+-------+---------+---------+-------
        D:1 |      57 |      14 |  19.7 |      32 |       6 |  15.8
        D:2 |      68 |       0 |   0.0 |      18 |       0 |   0.0
        D:3 |      23 |       0 |   0.0 |      11 |       0 |   0.0
            +---------+---------+-------+---------+---------+-------

Illustrated notes

Table legend:
 A = Kills in this place as a percentage of kills in entire the game.
 B = Kills by you in this place as a percentage of kills by you in the entire game.
 C = Kills by friends in this place as a percentage of kills by friends in the entire game.
 D = Other kills in this place as a percentage of other kills in the entire game.
 E = Experience gained in this place as a percentage of experience gained in the entire game.
 F = Experience gained in this place divided by the number of levels of this place that you have seen.
                   A       B       C       D       E      F
               +-------+-------+-------+-------+-------+----------------------
         Total | 100.0 | 100.0 |   N/A |   N/A | 100.0 |  54.0
       Dungeon | 100.0 | 100.0 |   N/A |   N/A | 100.0 |  54.0
               +-------+-------+-------+-------+-------+----------------------

Table legend: (Time is in decaauts)
 A = Elapsed time spent in this place.
 B = Non-inter-level travel time spent in this place.
 C = Inter-level travel time spent in this place.
 D = Time resting spent in this place.
 E = Time spent auto-exploring this place.
 F = Levels seen in this place.
 G = Mean time per level.
                   A        B        C        D        E       F      G
               +--------+--------+--------+--------+--------+-----+--------+
         Total |   3745 |   3619 |    126 |    445 |   2728 |   3 | 1248.3 |
       Dungeon |   3745 |   3619 |    126 |    445 |   2728 |   3 | 1248.3 |
               +--------+--------+--------+--------+--------+-----+--------+

Top non-repeatable levels by time:
     D:1: 2029 daAuts
     D:2: 1356 daAuts
     D:3: 360 daAuts
